| TOP OF THE 1ST |
|
Chester Pirates batting - Pitching for Columbus Reds : LHP Brett Blevins
|
|
Pitching: LHP Brett Blevins
|
|
|
Batting: RHB Edwardo Tanchez
|
0-0: Foul Ball, location: 2F 0-1: Swinging Strike 0-2: Ball 1-2: Foul Ball, location: 2F 1-2: Ball 2-2: Ball 3-2: Ground out 4-3 (Groundball, 4, EV 85.0 MPH)
|
|
Batting: RHB Oscar Mora
|
0-0: Ball 1-0: Swinging Strike 1-1: Ball 2-1: DOUBLE (Line Drive, 7LM, EV 115.0 MPH)
|
|
Batting: RHB Zach Chmieleski
|
0-0: Called Strike 0-1: Ball 1-1: Ball 2-1: Foul Ball, location: 2F 2-2: Ball 3-2: Foul Ball, location: 2F 3-2: Base on Balls
|
|
Batting: SHB Mike Corley
|
0-0: Called Strike 0-1: Called Strike 0-2: Foul Ball, location: 2F 0-2: Ball 1-2: Ball 2-2: Foul Ball, location: 2F 2-2: Ball 3-2: Fly out, F7 (Flyball, 78S, EV 94.4 MPH)
|
|
Batting: RHB Rafael Galicia
|
0-0: Called Strike 0-1: SINGLE (Line Drive, 8RS, EV 104.4 MPH) Oscar Mora to third Zach Chmieleski to second
|
|
Batting: RHB Ryan Thurston
|
0-0: SINGLE (Groundball, 34D, EV 95.6 MPH) Oscar Mora scores Zach Chmieleski to third Rafael Galicia to second Runner from 3rd tries for Home, SAFE, throw by RF to home
|
|
Batting: LHB Tommie Benefield
|
0-0: 3-RUN HOME RUN (Flyball, 9LD, EV 91.2 MPH), Distance : 357 ft
|
|
Batting: RHB Joe Stepnowski
|
0-0: Called Strike 0-1: Swinging Strike 0-2: Strikes out swinging
|
| Top of the 1st over - 5 runs, 4 hits, 0 errors, 0 left on base; Chester 5 - Columbus 0 |
| BOTTOM OF THE 1ST |
|
Columbus Reds batting - Pitching for Chester Pirates : RHP Mike Wilkinson
|
|
Pitching: RHP Mike Wilkinson
|
|
|
Batting: RHB John Hopkins
|
0-0: Fly out, F7 (Line Drive, 7, EV 86.9 MPH)
|
|
Batting: RHB Alex Nagera
|
0-0: Ball 1-0: Ball 2-0: Ball 3-0: Called Strike 3-1: Fly out, F8 (Flyball, 78S, EV 83.8 MPH)
|
|
Batting: LHB Jamie Spangenberg
|
0-0: Ball 1-0: Ball 2-0: Ball 3-0: Base on Balls
|
|
Batting: RHB Ruben Cantu
|
0-0: Ball 1-0: Called Strike 1-1: Foul Ball, location: 2F 1-2: Foul Ball, location: 2F 1-2: Ball 2-2: Foul Ball, location: 2F 2-2: Strikes out swinging
|
| Bottom of the 1st over - 0 runs, 0 hits, 0 errors, 1 left on base; Chester 5 - Columbus 0 |
| TOP OF THE 2ND |
|
Chester Pirates batting - Pitching for Columbus Reds : LHP Brett Blevins
|
|
Batting: RHB Zachery Loomis
|
0-0: Ball 1-0: Called Strike 1-1: Swinging Strike 1-2: Foul Ball, location: 2F 1-2: Foul Ball, location: 2F 1-2: Fly out, F8 (Flyball, 78D, EV 90.6 MPH)
|
|
Batting: RHB Edwardo Tanchez
|
0-0: Ball 1-0: Called Strike 1-1: SINGLE (Flyball, 89S, EV 84.4 MPH)
|
|
Batting: RHB Oscar Mora
|
0-0: Ball 1-0: Ball 2-0: Called Strike 2-1: Foul Ball, location: 2F 2-2: Grounds into double play, 4-6-3 (Groundball, 34, EV 81.9 MPH)
|
| Top of the 2nd over - 0 runs, 1 hit, 0 errors, 0 left on base; Chester 5 - Columbus 0 |
| BOTTOM OF THE 2ND |
|
Columbus Reds batting - Pitching for Chester Pirates : RHP Mike Wilkinson
|
|
Batting: LHB Mike Becerra
|
0-0: Called Strike 0-1: Called Strike 0-2: Ground out 4-3 (Groundball, 4, EV 82.5 MPH)
|
|
Batting: RHB Emanuel Estrada
|
0-0: Called Strike 0-1: Ball 1-1: Called Strike 1-2: Strikes out swinging
|
|
Batting: LHB Clint Hanninen
|
0-0: SINGLE (Line Drive, 78S, EV 99.4 MPH)
|
|
Batting: RHB Jimmy Geddes
|
0-0: Foul Ball, location: 2F 0-1: Ball 1-1: Foul Ball, location: 2F 1-2: Foul Ball, location: 2F 1-2: Ball 2-2: Strikes out swinging
|
| Bottom of the 2nd over - 0 runs, 1 hit, 0 errors, 1 left on base; Chester 5 - Columbus 0 |
| TOP OF THE 3RD |
|
Chester Pirates batting - Pitching for Columbus Reds : LHP Brett Blevins
|
|
Batting: RHB Zach Chmieleski
|
0-0: Ball 1-0: Ball 2-0: Called Strike 2-1: Ball 3-1: Base on Balls
|
|
Batting: SHB Mike Corley
|
0-0: Ball 1-0: Called Strike 1-1: Ball 2-1: Ball 3-1: Foul Ball, location: 2F 3-2: Base on Balls Zach Chmieleski to second
|
|
Batting: RHB Rafael Galicia
|
0-0: Ball 1-0: Ball 2-0: Called Strike 2-1: Foul Ball, location: 2F 2-2: Ball 3-2: Grounds into double play, U5-3 (Groundball, 5L, EV 90.6 MPH) Mike Corley to second
|
|
Batting: RHB Ryan Thurston
|
0-0: Foul Ball, location: 2F 0-1: Swinging Strike 0-2: Fly out, F6 (Popup, 6, EV 61.9 MPH)
|
| Top of the 3rd over - 0 runs, 0 hits, 0 errors, 1 left on base; Chester 5 - Columbus 0 |
| BOTTOM OF THE 3RD |
|
Columbus Reds batting - Pitching for Chester Pirates : RHP Mike Wilkinson
|
|
Batting: RHB Cornholdo Schwerin
|
0-0: Ball 1-0: Ground out 6-3 (Groundball, 6, EV 80.0 MPH)
|
|
Batting: RHB John Hopkins
|
0-0: Ball 1-0: Reached on error, E4 (Groundball, 4, EV 98.1 MPH)
|
|
Batting: RHB Alex Nagera
|
0-0: Ball 1-0: Ball 2-0: Called Strike 2-1: Fielders Choice at 2nd, 6-4 (Groundball, 6D, EV 88.8 MPH)
|
|
Batting: LHB Jamie Spangenberg
|
0-0: Swinging Strike 0-1: Fielders Choice at 2nd, 5-4 (Groundball, 56, EV 84.4 MPH)
|
| Bottom of the 3rd over - 0 runs, 0 hits, 1 error, 1 left on base; Chester 5 - Columbus 0 |
| TOP OF THE 4TH |
|
Chester Pirates batting - Pitching for Columbus Reds : LHP Brett Blevins
|
|
Batting: LHB Tommie Benefield
|
0-0: Foul Ball, location: 2F 0-1: Ball 1-1: Ball 2-1: SINGLE (Groundball, 34D, EV 94.4 MPH)
|
|
Batting: RHB Joe Stepnowski
|
0-0: Ball 1-0: Ground out 4-3 (Groundball, 4MD, EV 105.0 MPH) Tommie Benefield to second
|
|
Batting: RHB Zachery Loomis
|
0-0: Ball 1-0: Ball 2-0: Ball 3-0: Base on Balls
|
|
Batting: RHB Edwardo Tanchez
|
0-0: Foul Ball, location: 2F 0-1: Foul Ball, location: 2F 0-2: Foul Ball, location: 2F 0-2: Ball 1-2: Ball 2-2: Reached on error, E1 (Groundball, 15S, EV 66.9 MPH) Tommie Benefield to third Zachery Loomis to second
|
|
Batting: RHB Oscar Mora
|
0-0: Ball 1-0: Ball 2-0: Swinging Strike 2-1: Foul Ball, location: 2F 2-2: Strikes out looking
|
|
Batting: RHB Zach Chmieleski
|
0-0: Foul Ball, location: 2F 0-1: Foul Ball, location: 2F 0-2: Ball 1-2: Foul Ball, location: 2F 1-2: Ball 2-2: Foul Ball, location: 2F 2-2: Ball 3-2: Ground out 6-3 (Groundball, 6, EV 85.6 MPH)
|
| Top of the 4th over - 0 runs, 1 hit, 1 error, 3 left on base; Chester 5 - Columbus 0 |
| BOTTOM OF THE 4TH |
|
Columbus Reds batting - Pitching for Chester Pirates : RHP Mike Wilkinson
|
|
Batting: RHB Ruben Cantu
|
0-0: Called Strike 0-1: Swinging Strike 0-2: Foul Ball, location: 2F 0-2: Fly out, F8 (Flyball, 8LM, EV 83.8 MPH)
|
|
Batting: LHB Mike Becerra
|
0-0: Ball 1-0: Ball 2-0: Called Strike 2-1: Foul Ball, location: 2F 2-2: Ground out 4-3 (Groundball, 4M, EV 81.2 MPH)
|
|
Batting: RHB Emanuel Estrada
|
0-0: Ball 1-0: Ground out 6-3 (Groundball, 6, EV 75.6 MPH)
|
| Bottom of the 4th over - 0 runs, 0 hits, 0 errors, 0 left on base; Chester 5 - Columbus 0 |
| TOP OF THE 5TH |
|
Chester Pirates batting - Pitching for Columbus Reds : LHP Brett Blevins
|
|
Pitching: LHP Joe McLaughlin
|
|
|
Batting: SHB Mike Corley
|
0-0: Ball 1-0: Foul Ball, location: 2F 1-1: Ball 2-1: SOLO HOME RUN (Line Drive, 7LD, EV 95.0 MPH), Distance : 344 ft
|
|
Batting: RHB Rafael Galicia
|
0-0: Ball 1-0: Ball 2-0: Called Strike 2-1: Fly out, F2 (Popup, 3SF, EV 72.5 MPH)
|
|
Batting: RHB Ryan Thurston
|
0-0: Swinging Strike 0-1: Ball 1-1: Foul Ball, location: 2F 1-2: Strikes out swinging
|
|
Batting: LHB Tommie Benefield
|
0-0: Swinging Strike 0-1: Ball 1-1: Ball 2-1: Called Strike 2-2: Strikes out swinging
|
| Top of the 5th over - 1 run, 1 hit, 0 errors, 0 left on base; Chester 6 - Columbus 0 |
| BOTTOM OF THE 5TH |
|
Columbus Reds batting - Pitching for Chester Pirates : RHP Mike Wilkinson
|
|
Batting: LHB Clint Hanninen
|
0-0: Foul Ball, location: 2F 0-1: Swinging Strike 0-2: Strikes out looking
|
|
Batting: RHB Jimmy Geddes
|
0-0: Called Strike 0-1: Fly out, F8 (Flyball, 89M, EV 81.9 MPH)
|
|
Batting: RHB Cornholdo Schwerin
|
0-0: Ball 1-0: Foul Ball, location: 2F 1-1: Ball 2-1: Ball 3-1: Foul Ball, location: 2F 3-2: Foul Ball, location: 2F 3-2: Base on Balls
|
|
Batting: RHB John Hopkins
|
0-0: SINGLE (Line Drive, 9LM, EV 109.4 MPH) Cornholdo Schwerin to second
|
|
Batting: RHB Alex Nagera
|
0-0: Ball 1-0: Called Strike 1-1: Foul Ball, location: 2F 1-2: Ball 2-2: Strikes out swinging
|
| Bottom of the 5th over - 0 runs, 1 hit, 0 errors, 2 left on base; Chester 6 - Columbus 0 |
| TOP OF THE 6TH |
|
Chester Pirates batting - Pitching for Columbus Reds : LHP Joe McLaughlin
|
|
Batting: RHB Joe Stepnowski
|
0-0: Ball 1-0: Ball 2-0: Ball 3-0: Called Strike 3-1: Called Strike 3-2: Strikes out looking
|
|
Batting: RHB Zachery Loomis
|
0-0: Swinging Strike 0-1: Called Strike 0-2: Strikes out looking
|
|
Batting: RHB Edwardo Tanchez
|
0-0: Called Strike 0-1: Foul Ball, location: 2F 0-2: Strikes out swinging
|
| Top of the 6th over - 0 runs, 0 hits, 0 errors, 0 left on base; Chester 6 - Columbus 0 |
| BOTTOM OF THE 6TH |
|
Columbus Reds batting - Pitching for Chester Pirates : RHP Mike Wilkinson
|
|
Batting: LHB Jamie Spangenberg
|
0-0: Ball 1-0: Swinging Strike 1-1: Ball 2-1: SOLO HOME RUN (Flyball, 89XD, EV 115.0 MPH), Distance : 447 ft
|
|
Pitching: RHP Justin Todorovich
|
|
|
Batting: RHB Ruben Cantu
|
0-0: Ball 1-0: Foul Ball, location: 2F 1-1: Ball 2-1: Foul Ball, location: 2F 2-2: Foul Ball, location: 2F 2-2: Foul Ball, location: 2F 2-2: Ball 3-2: Foul Ball, location: 2F 3-2: SINGLE (Groundball, 6MD, EV 105.0 MPH)
|
|
Batting: LHB Mike Becerra
|
0-0: SINGLE (Groundball, 4MD, EV 96.9 MPH) Ruben Cantu to second Runner from 2nd tries for 3rd, SAFE, throw by CF made to third
|
|
Batting: RHB Emanuel Estrada
|
0-0: Ball 1-0: Called Strike 1-1: Swinging Strike 1-2: Strikes out swinging
|
|
Pinch Hitting: LHB Armando Arellano
|
0-0: Foul Ball, location: 2F 0-1: Ball 1-1: Foul Ball, location: 2F 1-2: Fly out, F3 (Popup, 23, EV 84.4 MPH)
|
|
Batting: RHB Jimmy Geddes
|
0-0: Ball 1-0: Foul Ball, location: 2F 1-1: Foul Ball, location: 2F 1-2: Strikes out swinging
|
| Bottom of the 6th over - 1 run, 3 hits, 0 errors, 2 left on base; Chester 6 - Columbus 1 |
| TOP OF THE 7TH |
|
Chester Pirates batting - Pitching for Columbus Reds : LHP Joe McLaughlin
|
|
Now at 2B: Nick Partain
|
|
|
Batting: RHB Oscar Mora
|
0-0: Ball 1-0: Foul Ball, location: 2F 1-1: Called Strike 1-2: Strikes out looking
|
|
Batting: RHB Zach Chmieleski
|
0-0: Ball 1-0: Called Strike 1-1: Swinging Strike 1-2: Ball 2-2: Foul Ball, location: 2F 2-2: Ball 3-2: Base on Balls
|
|
Pitching: RHP Toyohiro Nakagawa
|
|
|
Batting: SHB Mike Corley
|
0-0: Ball 1-0: Ball 2-0: Ball 3-0: Base on Balls Zach Chmieleski to second
|
|
Batting: RHB Rafael Galicia
|
0-0: Foul Ball, location: 2F 0-1: Foul Ball, location: 2F 0-2: Ball 1-2: Ball 2-2: Grounds into double play, 5-4-3 (Groundball, 15, EV 83.1 MPH)
|
| Top of the 7th over - 0 runs, 0 hits, 0 errors, 1 left on base; Chester 6 - Columbus 1 |
| BOTTOM OF THE 7TH |
|
Columbus Reds batting - Pitching for Chester Pirates : RHP Justin Todorovich
|
|
Pinch Hitting: SHB Sal Esparza
|
0-0: Called Strike 0-1: Ball 1-1: Called Strike 1-2: Ball 2-2: Strikes out looking
|
|
Batting: RHB John Hopkins
|
0-0: Called Strike 0-1: Ball 1-1: Swinging Strike 1-2: Ball 2-2: Ball 3-2: Strikes out swinging
|
|
Batting: RHB Alex Nagera
|
0-0: Called Strike 0-1: Ball 1-1: Ball 2-1: Foul Ball, location: 2F 2-2: Hit by Pitch
|
|
Batting: LHB Jamie Spangenberg
|
0-0: Called Strike 0-1: Foul Ball, location: 2F 0-2: Ball Alex Nagera is caught stealing 2nd base 2-6
|
| Bottom of the 7th over - 0 runs, 0 hits, 0 errors, 0 left on base; Chester 6 - Columbus 1 |
| TOP OF THE 8TH |
|
Chester Pirates batting - Pitching for Columbus Reds : RHP Toyohiro Nakagawa
|
|
Now in LF: Alex Ruybalid
|
|
|
Now in CF: Emanuel Estrada
|
|
|
Batting: RHB Ryan Thurston
|
0-0: Called Strike 0-1: Ball 1-1: Called Strike 1-2: Foul Ball, location: 2F 1-2: SINGLE (Groundball, 56D, EV 108.8 MPH)
|
|
Batting: LHB Tommie Benefield
|
0-0: Called Strike 0-1: Called Strike 0-2: Ball 1-2: Ball 2-2: Ball 3-2: Strikes out swinging
|
|
Batting: RHB Joe Stepnowski
|
0-0: Ball 1-0: Called Strike Ryan Thurston is caught stealing 2nd base 2-4 1-1: Ground out 6-3 (Groundball, 6M, EV 79.4 MPH)
|
| Top of the 8th over - 0 runs, 1 hit, 0 errors, 0 left on base; Chester 6 - Columbus 1 |
| BOTTOM OF THE 8TH |
|
Columbus Reds batting - Pitching for Chester Pirates : RHP Justin Todorovich
|
|
Batting: LHB Jamie Spangenberg
|
0-0: Ball 1-0: Foul Ball, location: 2F 1-1: Foul Ball, location: 2F 1-2: Ball 2-2: Ball 3-2: Foul Ball, location: 2F 3-2: Base on Balls
|
|
Batting: RHB Ruben Cantu
|
0-0: Swinging Strike 0-1: Swinging Strike 0-2: Ball 1-2: Ball 2-2: Strikes out swinging
|
|
Pitching: RHP Justin Rousell
|
|
|
Batting: LHB Mike Becerra
|
0-0: Called Strike 0-1: Ball 1-1: Ball 2-1: Foul Ball, location: 2F 2-2: Strikes out swinging
|
|
Pinch Hitting: RHB Ed Santibanez
|
0-0: Ball 1-0: Foul Ball, location: 2F 1-1: SINGLE (Groundball, 4, EV 103.1 MPH) Jamie Spangenberg to second
|
|
Batting: RHB Nick Partain
|
0-0: Ball 1-0: Foul Ball, location: 2F 1-1: Ball 2-1: Called Strike 2-2: Strikes out swinging
|
| Bottom of the 8th over - 0 runs, 1 hit, 0 errors, 2 left on base; Chester 6 - Columbus 1 |
| TOP OF THE 9TH |
|
Chester Pirates batting - Pitching for Columbus Reds : RHP Toyohiro Nakagawa
|
|
Pitching: RHP Eudaldo Cuyco
|
|
|
Now in LF: Ed Santibanez
|
|
|
Now in CF: Alex Ruybalid
|
|
|
Batting: RHB Zachery Loomis
|
0-0: Ball 1-0: Called Strike 1-1: Foul Ball, location: 2F 1-2: SINGLE (Line Drive, 4D, EV 108.1 MPH)
|
|
Batting: RHB Edwardo Tanchez
|
0-0: Ball Zachery Loomis steals 2nd base 1-0: Swinging Strike 1-1: Called Strike 1-2: Strikes out swinging
|
|
Batting: RHB Oscar Mora
|
0-0: Fly out, F8 (Flyball, 8LS, EV 92.5 MPH)
|
|
Batting: RHB Zach Chmieleski
|
0-0: Called Strike 0-1: Ball 1-1: Foul Ball, location: 2F 1-2: Ball 2-2: Ball 3-2: SINGLE (Groundball, 56S, EV 73.8 MPH) (infield hit) Zachery Loomis to third
|
|
Batting: SHB Mike Corley
|
0-0: Ball 1-0: Ball 2-0: Foul Ball, location: 2F 2-1: Ground out 4-3 (Groundball, 4, EV 97.5 MPH)
|
| Top of the 9th over - 0 runs, 2 hits, 0 errors, 2 left on base; Chester 6 - Columbus 1 |
| BOTTOM OF THE 9TH |
|
Columbus Reds batting - Pitching for Chester Pirates : RHP Justin Rousell
|
|
Batting: RHB Jimmy Geddes
|
0-0: Ground out 4-3 (Groundball, 34, EV 88.8 MPH)
|
|
Pinch Hitting: LHB Jamel Wilhite
|
0-0: Fly out, F8 (Flyball, 8LD, EV 96.9 MPH)
|
|
Batting: RHB John Hopkins
|
0-0: Ball 1-0: Ball 2-0: Ball 3-0: Base on Balls
|
|
Batting: RHB Alex Nagera
|
0-0: Ball 1-0: Fly out, F8 (Flyball, 8RD, EV 98.1 MPH)
|
| Bottom of the 9th over - 0 runs, 0 hits, 0 errors, 1 left on base; Chester 6 - Columbus 1 |
|